 Dungeon Crawl Stone Soup version 0.32-a0-314-g526f7d4993 (webtiles) character file.

Game seed: 6906030485942148772

170 Atlas the Firebug (level 5, -3/37 HPs)
             Began as a Demonspawn Fire Elementalist on Feb 16, 2024.
             Splashed by a jelly's acid (8 damage)
             ... on level 3 of the Dungeon.
             The game lasted 00:03:57 (3518 turns).

Atlas the Firebug (Demonspawn Fire Elementalist)    Turns: 3518, Time: 00:03:58

Health: -3/37      AC: -3    Str:  8    XL:     5   Next: 26%
Magic:  0/9        EV: 11    Int: 17    God:
Gold:   169        SH:  4    Dex: 14    Spells: 7/10 levels left

rFire   + . .        n - staff of fire
rCold   . . .        (no shield)
rNeg    + . .        h - +0 leather armour
rPois   .            (no helmet)
rElec   .            m - scarf {repulsion}
rCorr   .            (no gloves)
SInv    .            o - +0 pair of boots
Will    .....        (no amulet)
Stlth   ++           p - ring of positive energy
HPRegen 0.26/turn    (no ring)
MPRegen 0.11/turn

%: repel missiles
@: corroded
A: condensation shield
a: no special abilities


You were on level 3 of the Dungeon.
You visited 1 branch of the dungeon, and saw 3 of its levels.

You collected 169 gold pieces.

Inventory:

Armour
 h - a +0 leather armour (worn)
 m - a scarf of repulsion (worn)
 o - a +0 pair of boots (worn)
Magical Staves
 n - a staff of fire (weapon)
Jewellery
 p - a ring of positive energy (left hand)
 q - an amulet of magic regeneration
Scrolls
 c - a scroll of torment {unknown}
 d - a scroll of enchant weapon {unknown}
 e - 3 scrolls of identify {unknown}
 f - a scroll of teleportation {unknown}
 g - 2 scrolls of vulnerability {unknown}
 l - a scroll of fear {unknown}
Potions
 a - a potion of berserk rage {unknown}
 b - a potion of magic
 i - 3 potions of curing
 j - 2 potions of degeneration {unknown}
 k - a potion of cancellation {unknown}


   Skills:
 + Level 1.0 Fighting
 + Level 0.1 Staves
 + Level 1.1 Armour
 + Level 2.0 Dodging
 + Level 2.1 Stealth
 + Level 0.1 Unarmed Combat
 + Level 3.0 Spellcasting
 + Level 2.2 Conjurations
 + Level 3.6 Fire Magic


You had 7 spell levels left.
You knew the following spells:

 Your Spells              Type           Power      Damage    Failure   Level
a - Scorch                Fire           44%        2d6       9%          2
b - Foxfire               Conj/Fire      72%        2x1d7     8%          1

Your spell library contained the following spells:

 Spells                   Type           Power      Damage    Failure   Level
 Inner Flame              Hex/Fire       13%        N/A       34%         3
 Volatile Blastmotes      Fire/Tloc      26%        2d12      34%         3
 Cigotuvi's Dreadful Rot  Necr/Alch/Air  4%         N/A       36%         2
 Call Canine Familiar     Summ           2%         N/A       58%         3
 Sigil of Binding         Hex            2%         N/A       58%         3
 Flame Wave               Conj/Fire      18%        2d7       58%         4
 Ignite Poison            Fire/Alch      13%        N/A       75%         4
 Dimensional Bullseye     Hex/Tloc       1%         N/A       94%         4
 Freezing Cloud           Conj/Ice/Air   2%         6-21      99%         5
 Irradiate                Conj/Alch      3%         3d12      99%         5
 Ignition                 Fire           11%        3d5       100%        8


Dungeon Overview and Level Annotations

Branches:
Dungeon (3/15)

Altars:
Dithmenos
Gozag
Hepliaklqana
Sif Muna
Trog
Vehumet


Innate Abilities, Weirdness & Mutations

A meltable shield of frost defends you. (SH +4)


Message History

The endoplasm hits you but does no damage.
Things that are here:
a +0 dagger; a kobold corpse The endoplasm quivers.
You hit the endoplasm. You burn the endoplasm.
The endoplasm is moderately wounded.
Something hits the fungus.
The endoplasm hits the fungus.
The endoplasm closely misses you.
You hit the endoplasm.
The endoplasm is heavily wounded.
The endoplasm hits the fungus.
Something hits the fungus.
The endoplasm hits you but does no damage.
The endoplasm closely misses you.
The endoplasm hits the fungus.
The endoplasm quivers.
You hit the endoplasm but do no damage. You burn the endoplasm.
The endoplasm is severely wounded.
A nearby fungus withers and dies.
The endoplasm hits the fungus.
You hit the jelly.
Your hands burn!
The jelly is lightly wounded.
A nearby fungus withers and dies.
You hit the jelly. The acid corrodes you!
Your hands burn!
The jelly is moderately wounded.
The jelly hits you.
You are splashed with acid!
You hit the jelly but do no damage.
Your hands burn!
The jelly is moderately wounded.
The jelly hits you.
You are splashed with acid!
* * * LOW HITPOINT WARNING * * *
You are too injured to fight recklessly!
You are too injured to fight recklessly!
You are too injured to fight recklessly!
Unknown command.
Casting: Scorch (safe; 9% risk of failure)
Confirm with . or Enter, or press ? or * to list all spells.
You feel a surge of power!
Flames lash the jelly.
The jelly is severely wounded.
The jelly's fire resistance burns away.
You block the jelly's attack. The jelly attacks as it pursues you!
The jelly hits you.
* * * LOW HITPOINT WARNING * * *
The acid corrodes you!
You are splashed with acid!
You die...

....# ....# ....# #######
....# ##########...÷..#
....#####..(...##J.....P#
....#.##.......#J#J...J.#
###.#.)).......#.#J._.._#
#...)........#J#..JJJ÷#
###.').....#'#@#.J÷___#
#.##.....#.#.#.....÷#
#####....#.#.#.P.P..#
#######.##.J...÷# ###


You could see a jelly (combustible) and 2 endoplasms.

Vanquished Creatures
  A bombardier beetle (D:3)
  An adder (D:3)
  A ribbon worm (D:3)
  A dart slug (D:1)
  7 endoplasms
  5 giant cockroaches
  A goblin (D:1)
  9 hobgoblins
  3 jackals (D:3)
  12 kobolds
  2 quokkas
  4 ball pythons
  12 bats
  2 frilled lizards
  7 rats
68 creatures vanquished.

Vanquished Creatures (others)
  117 foxfires
117 creatures vanquished.

Grand Total: 185 creatures vanquished

Notes
Turn   | Place    | Note
-------+----------+-------------------------------------------
     0 | D:1      | Atlas the Demonspawn Fire Elementalist began the quest for
                  | the Orb.
     0 | D:1      | Reached XP level 1. HP: 13/13 MP: 3/3
   312 | D:1      | Gained mutation: A meltable shield of frost defends you.
                  | (SH +4) [demonic ancestry]
   312 | D:1      | Reached XP level 2. HP: 19/19 MP: 0/5
   651 | D:1      | Reached XP level 3. HP: 24/24 MP: 1/6
  1029 | D:1      | Found a faded altar of an unknown god.
  2066 | D:2      | Learned a level 2 spell: Scorch
  2070 | D:2      | Reached XP level 4. HP: 30/30 MP: 2/7
  2693 | D:3      | Found a bloodstained altar of Trog.
  3066 | D:3      | Reached skill level 1 in Armour
  3066 | D:3      | Reached XP level 5. HP: 28/36 MP: 1/9
  3501 | D:3      | Found a radiant altar of Vehumet.
  3501 | D:3      | Found an opulent altar of Gozag.
  3501 | D:3      | Found a hazy altar of Hepliaklqana.
  3501 | D:3      | Found a shimmering blue altar of Sif Muna.
  3501 | D:3      | Found a shadowy altar of Dithmenos.
  3506 | D:3      | Reached skill level 1 in Fighting
  3518 | D:3      | Splashed by a jelly's acid

Illustrated notes

Levels and vault maps discovered:
D:1:      saegor_arrival_simple_c, layout_basic,
          shapermc_ecumenical_altar_pompeii
D:2:      layout_loops_corners
D:3:      cheibrodos_fertilizer, layout_basic, zin_treasury,
          mainiacjoe_overflow_24_doors, kennysheep_generic_room_10

Skill      XL: |  1  2  3  4  5 |
---------------+----------------+-----
Dodging        | 2 |  2.0
Fire Magic     | 3 |  3.6
Stealth        | 2 |  2.1
Conjurations   | 2 |  2.2
Armour         | 1 |  1.1
Spellcasting   | 3 |  3.0
Fighting       | 1 |  1.0
Staves         | |  0.1
Unarmed Combat | |  0.1

Action                     |  1- 3 |  4- 6 || total
---------------------------+-------+-------++-------
  Melee: Unarmed           |     8 |    22 ||    30
         Staff             |       |    29 ||    29
         Punch             |       |     3 ||     3
   Cast: Foxfire           |    92 |    39 ||   131
         Scorch            |       |    19 ||    19
    Use: Potion            |       |     1 ||     1
   Stab: Sleeping          |     1 |       ||     1
 Armour: Robe              |     6 |       ||     6
         Leather armour    |     7 |    33 ||    40
  Dodge: Dodged            |    11 |    22 ||    33
         Repelled          |       |     3 ||     3
  Block: Other             |     5 |     6 ||    11

Table legend: (Time is in decaauts)
 A = Elapsed time spent in this place.
 B = Non-inter-level travel time spent in this place.
 C = Inter-level travel time spent in this place.
 D = Time resting spent in this place.
 E = Time spent auto-exploring this place.
 F = Levels seen in this place.
 G = Mean time per level.
                   A        B        C        D        E       F      G
               +--------+--------+--------+--------+--------+-----+--------+
         Total |   3522 |   3460 |     62 |      0 |   3018 |   3 | 1174.0 |
       Dungeon |   3522 |   3460 |     62 |      0 |   3018 |   3 | 1174.0 |
               +--------+--------+--------+--------+--------+-----+--------+

Top non-repeatable levels by time:
     D:1: 1321 daAuts
     D:2: 1113 daAuts
     D:3: 1087 daAuts
